[Event "Titled Tuesday Blitz April 18 Early 2023"]
[White "Necula, Iulian"]
[Black "Girsh, Daniel"]
[WhiteFideId "1232380"]
[BlackFideId "30949190"]
[WhiteElo "1790"]
[BlackElo "2075"]
[Result "0-1"]
[Round "04"]
[TimeControl "180+2"]
[Date "2023.04.18"]
[WhiteClock "0:00:37"]
[BlackClock "0:00:45"]

1. d4 Nf6 2. Nc3 d5 3. Bf4 e6 4. Nb5 Na6 5. e3 Be7 6. Nf3 O-O 7. Be2 Nh5 8. Be5 f6 9. Bg3 c6 10. Nc3 c5 11. a3 Bd7 12. Qd2 Rc8 13. Nh4 Nxg3 14. hxg3 Qa5 15. Rd1 cxd4 16. exd4 b5 17. Bd3 f5 18. Nf3 b4 19. axb4 Nxb4 20. Ne5 Nxd3+ 21. Qxd3 Be8 22. O-O Qb4 23. Rb1 f4 24. gxf4 Rxf4 25. Rfd1 Bh5 26. Rd2 Bd6 27. g3 Bxe5 28. gxf4 Bxf4 29. Qa6 Re8 30. Rd3 Qe7 31. Re1 Qg5+ 32. Kf1 Qh4 33. Rg3 Bxg3 34. fxg3 Qxg3 35. Qd3 Rf8+ 0-1


[Site "https://www.chess.com"]

[Event "Titled Tuesday Blitz April 18 Early 2023"]
[White "Vivas Zamora, Fabian Ernesto"]
[Black "Hartikainen, Jarmo"]
[WhiteFideId "3902480"]
[BlackFideId "503134"]
[WhiteElo "2262"]
[BlackElo "2111"]
[Result "1-0"]
[Round "04"]
[TimeControl "180+2"]
[Date "2023.04.18"]
[WhiteClock "0:02:06"]
[BlackClock "0:00:11"]

1. e4 c5 2. Nc3 Nc6 3. Bb5 g6 4. Bxc6 dxc6 5. d3 Bg7 6. Be3 b6 7. Qd2 e5 8. f4 Qc7 9. Nf3 f6 10. O-O Bg4 11. fxe5 Bxf3 12. exf6 Nxf6 13. Rxf3 O-O-O 14. Raf1 Rdf8 15. Bf4 Qd7 16. Bh6 Bxh6 17. Qxh6 Qd4+ 18. Kh1 Kb7 19. Rxf6 Rxf6 20. Qg7+ Ka6 21. Qxf6 Qxf6 22. Rxf6 Rf8 23. Rxf8 1-0


[Site "https://www.chess.com"]

[Event "Titled Tuesday Blitz April 18 Early 2023"]
[White "Sanchez, Robert"]
[Black "Harriott, Tyrell"]
[WhiteFideId "2034360"]
[BlackFideId "2086484"]
[WhiteElo "1972"]
[BlackElo "2107"]
[Result "0-1"]
[Round "04"]
[TimeControl "180+2"]
[Date "2023.04.18"]
[WhiteClock "0:02:06"]
[BlackClock "0:01:53"]

1. e4 e6 2. d4 d5 3. Nd2 f5 4. exd5 exd5 5. Ngf3 Nf6 6. Bd3 Bd6 7. O-O O-O 8. Ne5 Nc6 9. Nxc6 bxc6 10. Nf3 Ne4 11. c3 f4 12. c4 Bg4 13. c5 Be7 14. Bxe4 dxe4 15. Qb3+ Qd5 16. Ne5 Be6 17. Qa4 Bxc5 18. dxc5 Qxe5 19. Qxc6 Bd5 20. Qd7 e3 21. Qh3 Bc4 0-1


[Site "https://www.chess.com"]

[Event "Titled Tuesday Blitz April 18 Early 2023"]
[White "Butolo, Alexandru-Mircea"]
[Black "Matveeva, Olga"]
[WhiteFideId "1261649"]
[BlackFideId "24107018"]
[WhiteElo "1861"]
[BlackElo "2056"]
[Result "0-1"]
[Round "04"]
[TimeControl "180+2"]
[Date "2023.04.18"]
[WhiteClock "0:00:06"]
[BlackClock "0:00:18"]

1. Nf3 Nf6 2. g3 g6 3. Bg2 Bg7 4. O-O O-O 5. c4 c5 6. Nc3 Nc6 7. d3 d6 8. e4 Bg4 9. h3 Bxf3 10. Bxf3 Nd4 11. Bg2 Rb8 12. Ne2 Ne8 13. Nxd4 Bxd4 14. a4 Nc7 15. Qe2 a6 16. Be3 Bg7 17. Rab1 b5 18. axb5 axb5 19. b3 Ne6 20. f4 Nd4 21. Bxd4 Bxd4+ 22. Kh2 Qa5 23. e5 Rfe8 24. Bc6 Red8 25. cxb5 dxe5 26. fxe5 Qc7 27. Qf3 Rf8 28. Rbe1 Bxe5 29. Re4 Rbd8 30. Qe3 f6 31. Qxc5 Bxg3+ 32. Kg2 Bd6 33. Bd5+ Kh8 34. Qxc7 Bxc7 35. Rxe7 Rxd5 36. Rxc7 Rxd3 37. b6 Rxb3 38. b7 Kg8 39. Rfc1 f5 40. Rc8 Rxb7 41. Rxf8+ Kxf8 42. Rc8+ Kg7 43. Kg3 Kf6 44. Rf8+ Kg7 45. Rc8 h6 46. Kf4 Re7 47. Rc6 Re4+ 48. Kf3 Ra4 49. Rc7+ Kf6 50. Rc8 Kg5 51. Rf8 Ra3+ 52. Kg2 h5 53. Rg8 f4 54. h4+ Kf5 55. Rf8+ Kg4 56. Rg8 Ra2+ 57. Kg1 Ra6 0-1


[Site "https://www.chess.com"]

[Event "Titled Tuesday Blitz April 18 Early 2023"]
[White "krucki03"]
[Black "Prado, Alexandra"]
[BlackFideId "3301346"]
[WhiteElo "2412"]
[BlackElo "1759"]
[Result "1-0"]
[Round "04"]
[TimeControl "180+2"]
[Date "2023.04.18"]
[WhiteClock "0:02:21"]
[BlackClock "0:00:01"]

1. d4 Nf6 2. Nf3 g6 3. g3 Bg7 4. Bg2 O-O 5. O-O d6 6. c3 Nc6 7. Bg5 h6 8. Bxf6 Bxf6 9. Nbd2 Rb8 10. a4 b6 11. e4 Bb7 12. Qe2 e5 13. Qd3 Re8 14. Rfe1 a6 15. Rac1 exd4 16. cxd4 Nb4 17. Qb3 c5 18. e5 dxe5 19. dxe5 Bg7 20. Rcd1 Qc7 21. Nc4 Rbd8 22. Nd6 Re7 23. Nxb7 Rxd1 24. Qxd1 Qxb7 25. Qd8+ Kh7 26. Ng5+ hxg5 27. Bxb7 Rxb7 28. Qxg5 Nd3 29. Re4 Rd7 30. Rh4+ Kg8 31. e6 fxe6 32. Qxg6 Ne5 33. Qxe6+ Rf7 34. Rf4 1-0


[Site "https://www.chess.com"]

[Event "Titled Tuesday Blitz April 18 Early 2023"]
[White "Erzhanov, Arman"]
[Black "Karthik Sai Ch"]
[WhiteFideId "4138821"]
[BlackFideId "46649484"]
[WhiteElo "2138"]
[BlackElo "2003"]
[Result "0-1"]
[Round "04"]
[TimeControl "180+2"]
[Date "2023.04.18"]
[WhiteClock "0:00:01"]
[BlackClock "0:00:16"]

1. e4 c5 2. Nf3 d6 3. d4 cxd4 4. Qxd4 Bd7 5. Be2 Nc6 6. Qe3 g6 7. O-O Bg7 8. c4 Nf6 9. h3 O-O 10. Nc3 Ne5 11. Nd4 Rc8 12. b3 Ne8 13. Bb2 Nc7 14. a4 Na6 15. Nd5 e6 16. Nc3 Nb4 17. Ba3 Nec6 18. Nxc6 Nxc6 19. Bxd6 Qa5 20. Rac1 Rfd8 21. Rfd1 Be8 22. f4 e5 23. f5 Nd4 24. b4 Qa6 25. c5 Nxe2+ 26. Qxe2 Qxe2 27. Nxe2 Bxa4 28. Rd2 Bf8 29. Ra1 b5 30. Nc3 Bxd6 31. Nxa4 Bxc5+ 32. Nxc5 Rxd2 33. Rxa7 Rd4 34. f6 Rxb4 35. Nd7 Rxe4 36. Rb7 b4 37. Nc5 Rf4 38. Nd7 h5 39. g3 Rd4 40. Nxe5 Rc1+ 41. Kf2 Rc2+ 42. Kf3 Rd6 43. Rb8+ Kh7 44. g4 Rxf6+ 45. Kg3 Rc3+ 46. Kh4 Re6 47. Nxf7 Kg7 48. Ng5 Ree3 49. Rb7+ Kf6 50. Nh7+ Ke6 51. Ng5+ Kd6 52. gxh5 gxh5 53. Rxb4 Kc5 54. Rb8 Kd6 0-1


[Site "https://www.chess.com"]

[Event "Titled Tuesday Blitz April 18 Early 2023"]
[White "Pourkashiyan, Atousa"]
[Black "Mouhamad, Joachim"]
[WhiteFideId "12502014"]
[BlackFideId "656410"]
[WhiteElo "2228"]
[BlackElo "2125"]
[Result "0-1"]
[Round "04"]
[TimeControl "180+2"]
[Date "2023.04.18"]
[WhiteClock "0:00:07"]
[BlackClock "0:00:14"]

1. e4 c5 2. Nf3 Nc6 3. d4 cxd4 4. Nxd4 Nf6 5. Nc3 d6 6. Bc4 Qb6 7. Be3 Qxb2 8. Ndb5 Qb4 9. Qe2 Qa5 10. O-O g6 11. Bd2 Qd8 12. f4 a6 13. Nxd6+ exd6 14. e5 Bg4 15. Qe1 dxe5 16. fxe5 Qd4+ 17. Kh1 Qxc4 18. exf6+ Be6 19. Rb1 b5 20. Rf4 Qc5 21. Re4 O-O-O 22. a4 b4 23. Qe2 Kb7 24. a5 Bd6 25. Na4 Qb5 0-1


[Site "https://www.chess.com"]

[Event "Titled Tuesday Blitz April 18 Early 2023"]
[White "Shuvalov, Evgenij"]
[Black "Kohler, Aran"]
[WhiteFideId "4187237"]
[BlackFideId "1002856"]
[WhiteElo "2080"]
[BlackElo "2250"]
[Result "1-0"]
[Round "04"]
[TimeControl "180+2"]
[Date "2023.04.18"]
[WhiteClock "0:00:34"]
[BlackClock "0:00:09"]

1. d4 Nf6 2. Bg5 c5 3. d5 Qb6 4. Nc3 Qxb2 5. Bd2 Qb6 6. e4 e5 7. Nf3 d6 8. Rb1 Qd8 9. a4 Be7 10. Bd3 O-O 11. O-O Bg4 12. Rxb7 Nbd7 13. h3 Bxf3 14. Qxf3 Qc8 15. Rfb1 Rb8 16. Ba6 Rxb7 17. Rxb7 Qa8 18. Qe2 Rb8 19. Qb5 Rxb7 20. Bxb7 Qb8 21. Bc6 Qxb5 22. axb5 Nb6 23. f3 h6 24. Kf2 g5 25. Nd1 Bd8 26. Nb2 c4 27. Nd1 Bc7 28. Ne3 Nfd7 29. Nf5 Kh7 30. Bb4 Nc5 31. Bxc5 dxc5 32. d6 Bd8 33. Ke2 Kg6 34. g4 Kf6 35. Nxh6 Ke6 36. Nf5 f6 37. Kf2 c3 38. Ke2 Nc4 39. Bd5+ Kd7 40. Bxc4 Bb6 41. Kd3 Ba5 42. Bd5 Bb4 43. Kc4 Kc8 44. Bc6 Kd8 45. Kd5 Ba3 46. Ne3 c4 47. Nxc4 Bxd6 48. Kxd6 a5 49. b6 Kc8 50. Nxa5 Kb8 51. Nb3 1-0


[Site "https://www.chess.com"]

[Event "Titled Tuesday Blitz April 18 Early 2023"]
[White "Ramirez Vido, Robert Yorisan"]
[Black "Inepton_Fermion"]
[WhiteFideId "3513823"]
[WhiteElo "2447"]
[BlackElo "2249"]
[Result "1-0"]
[Round "04"]
[TimeControl "180+2"]
[Date "2023.04.18"]
[WhiteClock "0:00:06"]
[BlackClock "0:00:01"]

1. f4 g6 2. Nf3 Bg7 3. g3 d5 4. Bg2 c5 5. d3 Nc6 6. O-O Nf6 7. Qe1 O-O 8. e4 dxe4 9. dxe4 e5 10. Nc3 Re8 11. fxe5 Ng4 12. Bg5 Qb6 13. Nd5 Qxb2 14. Nc7 Be6 15. Nxa8 Rxa8 16. h3 Ngxe5 17. Nxe5 Bxe5 18. Rb1 Qxc2 19. Rxb7 Nd4 20. Rf2 Qa4 21. Bf4 Bg7 22. e5 Rd8 23. Bg5 Rc8 24. Bf6 c4 25. Bxg7 Kxg7 26. Qc3 Qd1+ 27. Bf1 Bd5 28. Rd7 Nf3+ 29. Rxf3 Qxf3 30. Qxf3 Bxf3 31. e6 c3 32. Bd3 Kg8 33. e7 Re8 34. Rd8 1-0


[Site "https://www.chess.com"]

[Event "Titled Tuesday Blitz April 18 Early 2023"]
[White "Gatterer, Florian"]
[Black "hsd2016"]
[WhiteFideId "811688"]
[WhiteElo "2221"]
[BlackElo "2160"]
[Result "0-1"]
[Round "04"]
[TimeControl "180+2"]
[Date "2023.04.18"]
[WhiteClock "0:00:01"]
[BlackClock "0:00:10"]

1. b3 e5 2. Bb2 d6 3. d4 exd4 4. Qxd4 Nf6 5. Nc3 Nc6 6. Qd2 Be7 7. e4 Be6 8. O-O-O Ng4 9. h3 Nge5 10. f4 Ng6 11. Kb1 Bd7 12. Nf3 a5 13. a4 h5 14. Nd5 Kf8 15. Bb5 Nb4 16. Bxd7 Qxd7 17. Nxe7 Qxe7 18. Rhe1 Nc6 19. Qc3 f6 20. Qd2 Re8 21. g3 Qd7 22. h4 Qg4 23. Qf2 Kg8 24. Nh2 Qh3 25. Nf3 Qg4 26. f5 Nge5 27. Nh2 Qh3 28. Rh1 Ng4 29. Nxg4 Qxg4 30. Rde1 Rxe4 31. Rxe4 Qxe4 32. Re1 Qd5 33. Qe2 Kf7 34. Bc3 Qxf5 35. Qc4+ d5 36. Qc5 Qd7 37. Bxa5 b6 38. Bxb6 cxb6 39. Qxb6 Rb8 40. Qc5 Ne5 41. Rd1 Rd8 42. a5 Ke6 43. a6 Rc8 44. Qd4 Qc6 45. Rd2 Rd8 46. a7 Qa6 47. Kb2 Rd7 48. g4 hxg4 49. h5 Qxa7 0-1


[Site "https://www.chess.com"]

[Event "Titled Tuesday Blitz April 18 Early 2023"]
[White "dDobravcan"]
[Black "Mazurkiewicz, Michal"]
[BlackFideId "1124943"]
[WhiteElo "2161"]
[BlackElo "2054"]
[Result "1-0"]
[Round "04"]
[TimeControl "180+2"]
[Date "2023.04.18"]
[WhiteClock "0:00:55"]
[BlackClock "0:00:55"]

1. e4 d6 2. d4 Nf6 3. Nc3 c6 4. a4 e5 5. Bc4 Qb6 6. dxe5 dxe5 7. Nf3 Bc5 8. O-O Qc7 9. h3 O-O 10. Bg5 Nbd7 11. a5 Rb8 12. Nh4 h6 13. Bc1 b5 14. axb6 axb6 15. Nf5 b5 16. Bb3 b4 17. Na4 Nxe4 18. Qg4 Ng5 19. Bxg5 hxg5 20. Qxg5 g6 21. Qxg6+ Kh8 22. Qg7# 1-0


[Site "https://www.chess.com"]

[Event "Titled Tuesday Blitz April 18 Early 2023"]
[White "Yanayt, Eugene"]
[Black "Itkis, Boris"]
[WhiteFideId "2020165"]
[BlackFideId "1209167"]
[WhiteElo "2083"]
[BlackElo "2216"]
[Result "0-1"]
[Round "04"]
[TimeControl "180+2"]
[Date "2023.04.18"]
[WhiteClock "0:00:29"]
[BlackClock "0:00:11"]

1. Nf3 Nf6 2. c4 c5 3. d4 cxd4 4. Nxd4 Nc6 5. Nc3 g6 6. h4 Bg7 7. g3 O-O 8. Bh3 d6 9. Be3 Bxh3 10. Rxh3 Rc8 11. f3 d5 12. c5 e5 13. Nxc6 bxc6 14. Bf2 Rb8 15. Qd2 d4 16. Ne4 Nxe4 17. fxe4 Qd7 18. Rh2 f5 19. h5 fxe4 20. Qg5 Qf5 21. Qe7 e3 22. hxg6 hxg6 23. O-O-O exf2 24. Rf1 d3 25. exd3 Qxd3 26. Qe6+ Rf7 27. Rhxf2 Bh6+ 28. Rf4 exf4 29. Rxf4 Bxf4+ 30. gxf4 Rf8 31. b4 Kg7 32. Qe5+ Rf6 33. Kb2 Qf5 34. Qe7+ R8f7 35. Qe3 Qxf4 36. Qc3 Rd7 37. Kb3 Qd4 38. Qc2 Rf3+ 39. Ka4 Rf4 40. a3 a5 41. Kxa5 Rff7 42. Ka4 Qe3 43. Qb2+ Kg8 44. Ka5 Ra7+ 45. Kb6 Rfb7+ 46. Kxc6 Qe6# 0-1


[Site "https://www.chess.com"]

[Event "Titled Tuesday Blitz April 18 Early 2023"]
[White "Wimalasuriya, Kasun M."]
[Black "Valle Maytin, Luis Enrique"]
[WhiteFideId "9906789"]
[BlackFideId "3503666"]
[WhiteElo "2153"]
[BlackElo "2225"]
[Result "0-1"]
[Round "04"]
[TimeControl "180+2"]
[Date "2023.04.18"]
[WhiteClock "0:02:10"]
[BlackClock "0:02:19"]

1. d4 d5 2. c4 e6 3. Nc3 Nf6 4. Bg5 Be7 5. e3 O-O 6. cxd5 exd5 7. Bd3 h6 8. Bf4 c6 9. Nge2 Nbd7 10. Rc1 Re8 11. O-O Nf8 12. h3 Ne6 13. Bh2 g6 14. Qc2 Ng7 15. g4 h5 16. f3 Bd6 17. Qd2 Bxh2+ 18. Kxh2 Qd6+ 19. Kg2 hxg4 20. hxg4 Bxg4 21. fxg4 Nxg4 22. Rh1 Nxe3+ 0-1


[Site "https://www.chess.com"]

[Event "Titled Tuesday Blitz April 18 Early 2023"]
[White "Sandholm, Klas"]
[Black "Havanecz, Bianka"]
[WhiteFideId "510203"]
[BlackFideId "704814"]
[WhiteElo "2122"]
[BlackElo "2309"]
[Result "1/2-1/2"]
[Round "04"]
[TimeControl "180+2"]
[Date "2023.04.18"]
[WhiteClock "0:00:08"]
[BlackClock "0:00:19"]

1. e4 c5 2. a3 g6 3. b4 Bg7 4. Nc3 d6 5. Nf3 cxb4 6. axb4 Nf6 7. Rb1 O-O 8. Be2 a6 9. b5 axb5 10. Bxb5 Nc6 11. O-O Bg4 12. Be2 Qc8 13. Bb2 Nd7 14. Nd5 Bxf3 15. Bxf3 e6 16. Ne3 Nd4 17. c3 Nxf3+ 18. Qxf3 Ne5 19. Qe2 Nc6 20. d4 Qc7 21. Ra1 Rfc8 22. Rxa8 Rxa8 23. Ra1 Rxa1+ 24. Bxa1 Qa5 25. Qb2 b5 26. Qb1 b4 27. cxb4 Qxb4 28. Qxb4 Nxb4 29. Kf1 d5 30. f3 Bh6 31. Ng4 Bg7 32. Bc3 Nc6 33. e5 h5 34. Nf2 Bh6 35. Ke2 Kg7 36. Kd3 Bf4 37. g3 Bc1 38. Nh3 Ba3 39. f4 Be7 40. Ng1 g5 41. Nf3 gxf4 42. gxf4 Kg6 43. h3 Kf5 44. Bd2 f6 45. exf6 Bxf6 46. Ne5 Bxe5 47. fxe5 Ne7 48. Ke3 Ng6 49. Kf3 Nf8 50. Be3 Nd7 51. Bf2 Nb6 52. Be3 Nc4 53. Bf2 Nd2+ 54. Ke2 Ne4 55. Be3 Ng5 56. Bxg5 Kxg5 57. Kf3 Kh4 58. Kg2 Kg5 59. Kf3 Kf5 60. Ke3 Kg5 61. Kf3 1/2-1/2


[Site "https://www.chess.com"]

[Event "Titled Tuesday Blitz April 18 Early 2023"]
[White "Kiseljova, Marya"]
[Black "Torres Dominguez, David"]
[WhiteFideId "4155009"]
[BlackFideId "2220857"]
[WhiteElo "1851"]
[BlackElo "1999"]
[Result "0-1"]
[Round "04"]
[TimeControl "180+2"]
[Date "2023.04.18"]
[WhiteClock "0:00:05"]
[BlackClock "0:00:06"]

1. d4 e5 2. dxe5 d6 3. exd6 Bxd6 4. Nf3 Bg4 5. Nbd2 Nc6 6. e3 Qe7 7. Be2 O-O-O 8. c3 Nf6 9. Qa4 Kb8 10. b4 h5 11. b5 Ne5 12. h3 Bf5 13. Nd4 Nd3+ 14. Kf1 Bg6 15. Qb3 Nc5 16. Qb2 Ka8 17. a4 Rhe8 18. a5 Nd3 19. Qb3 Nxf2 20. a6 b6 21. Bf3+ N2e4 22. Nxe4 Bxe4 23. Bxe4+ Nxe4 24. Qd5+ c6 25. Nxc6 Qf6+ 26. Ke2 Qf2+ 27. Kd3 Nc5+ 28. Kc4 Re4+ 29. Nd4+ Kb8 30. Ba3 Rxd4+ 31. exd4 Qe2+ 32. Kb4 Qc2 33. dxc5 Bxc5+ 34. Qxc5 bxc5+ 35. Kxc5 Qxc3# 0-1


[Site "https://www.chess.com"]

[Event "Titled Tuesday Blitz April 18 Early 2023"]
[White "lluiss"]
[Black "Gritsenko, Nikolai"]
[BlackFideId "14112493"]
[WhiteElo "2276"]
[BlackElo "2389"]
[Result "0-1"]
[Round "04"]
[TimeControl "180+2"]
[Date "2023.04.18"]
[WhiteClock "0:00:04"]
[BlackClock "0:00:58"]

1. Nf3 c5 2. c4 b6 3. g3 Bb7 4. Bg2 Nf6 5. O-O e6 6. Nc3 Be7 7. d4 cxd4 8. Qxd4 d6 9. Rd1 a6 10. b3 Nbd7 11. Bb2 O-O 12. Ng5 Bxg2 13. Kxg2 Qc7 14. Nge4 Rad8 15. Nxf6+ Nxf6 16. f3 Rc8 17. Rac1 Rfd8 18. Rd2 Qb7 19. a4 d5 20. cxd5 Bc5 21. Qe5 exd5 22. Rcd1 Re8 23. Qg5 Be3 24. Qh4 d4 25. Rxd4 Rxc3 26. Bxc3 Bxd4 0-1


[Site "https://www.chess.com"]

[Event "Titled Tuesday Blitz April 18 Early 2023"]
[White "Coelho, Ramyres Santana"]
[Black "brm72"]
[WhiteFideId "2120690"]
[WhiteElo "1888"]
[BlackElo "2645"]
[Result "0-1"]
[Round "04"]
[TimeControl "180+2"]
[Date "2023.04.18"]
[WhiteClock "0:00:21"]
[BlackClock "0:00:15"]

1. e4 e6 2. d4 d5 3. Nc3 Bb4 4. e5 Ne7 5. a3 Bxc3+ 6. bxc3 c5 7. Qg4 Qc7 8. Qxg7 Rg8 9. Qxh7 cxd4 10. Bd2 Qxe5+ 11. Ne2 Nbc6 12. Qd3 dxc3 13. Bxc3 Qc7 14. g3 e5 15. Bg2 d4 16. Bd2 Be6 17. O-O O-O-O 18. Rfb1 f5 19. Qb5 Bd5 20. Bxd5 Rxd5 21. Qb2 d3 22. cxd3 Rxd3 23. Bb4 Rgd8 24. Bxe7 Qxe7 25. Rc1 e4 26. Rab1 e3 27. Rxc6+ Kb8 28. Re6 Rd1+ 29. Kg2 Rxb1 30. Rxe7 Rxb2 31. Rxe3 Rdd2 32. Kf3 b5 33. h4 a5 34. h5 Rd6 35. Nf4 Rc2 36. Re5 b4 37. axb4 a4 38. Rxf5 Ra6 39. Rb5+ Kc7 40. Nd5+ Kd6 41. Ne3 Rc1 42. Rd5+ Kc7 43. Rd2 a3 44. Ra2 Rc3 45. Ke2 Rb3 46. g4 Rb2+ 47. Rxb2 axb2 48. Nd5+ Kd6 49. Nc3 Ra3 50. Nb1 Ra1 51. Nd2 b1=Q 52. Nxb1 Rxb1 53. Kf3 Rxb4 54. Kg3 Ke6 55. f4 Kf6 56. h6 Kg6 57. g5 Kf5 58. h7 Rb8 59. Kh4 Rh8 60. Kg3 Rxh7 61. g6 Kxg6 62. Kg4 Rf7 63. Kh4 Kf5 64. Kg3 Rg7+ 65. Kf3 Rg4 66. Ke3 Rxf4 0-1


[Site "https://www.chess.com"]

[Event "Titled Tuesday Blitz April 18 Early 2023"]
[White "Simonovic, Miroslav"]
[Black "Iskusnyh, Sergei"]
[WhiteFideId "919152"]
[BlackFideId "4120027"]
[WhiteElo "2042"]
[BlackElo "2492"]
[Result "0-1"]
[Round "04"]
[TimeControl "180+2"]
[Date "2023.04.18"]
[WhiteClock "0:00:05"]
[BlackClock "0:00:09"]

1. d4 d5 2. Bg5 h6 3. Bh4 c5 4. c3 Nc6 5. e3 Qb6 6. Qc2 g5 7. Bg3 Bg7 8. Nd2 Nf6 9. dxc5 Qxc5 10. Nb3 Qb6 11. Nd4 Ne4 12. Bd3 O-O 13. Nxc6 bxc6 14. Bxe4 dxe4 15. Ne2 Ba6 16. O-O Rad8 17. Rfe1 Bd3 18. Qb3 Qa6 19. Nd4 Rd5 20. Nc2 Rb5 21. Nb4 Qb7 22. Qa3 Rd8 23. Red1 e5 24. h4 Bf8 25. Rd2 a5 26. Rad1 axb4 27. Qb3 bxc3 28. Qxc3 Bb4 29. Qc1 Bxd2 30. Qxd2 Rxb2 31. Qc3 Rc2 32. Qxe5 Qb5 33. Qe7 Rf8 34. Be5 Rc5 35. Bd4 Rf5 36. hxg5 hxg5 37. Rd2 Qb1+ 38. Kh2 Qb8+ 39. g3 c5 40. Bc3 Qd8 41. Qb7 Qd6 42. Qxe4 Qh6+ 43. Kg2 Bxe4+ 44. f3 Bxf3+ 45. Kf1 Qh1+ 46. Kf2 Qg2+ 47. Ke1 Qg1# 0-1


[Site "https://www.chess.com"]

[Event "Titled Tuesday Blitz April 18 Early 2023"]
[White "Larina, Maria"]
[Black "Fiorito, Francisco"]
[WhiteFideId "24113182"]
[BlackFideId "180165"]
[WhiteElo "1848"]
[BlackElo "2341"]
[Result "0-1"]
[Round "04"]
[TimeControl "180+2"]
[Date "2023.04.18"]
[WhiteClock "0:00:15"]
[BlackClock "0:01:20"]

1. e4 c5 2. Nc3 Nc6 3. g3 g6 4. Bg2 Bg7 5. d3 d6 6. Be3 e6 7. Qd2 Rb8 8. f4 Nge7 9. Nf3 b5 10. O-O b4 11. Nd1 O-O 12. c3 Ba6 13. Re1 bxc3 14. bxc3 Qa5 15. g4 Rfd8 16. f5 exf5 17. gxf5 d5 18. Bh6 dxe4 19. Rxe4 Nxf5 20. Bxg7 Kxg7 21. Nf2 Qc7 22. Ng4 Bxd3 23. Qe1 Bxe4 24. Qxe4 h5 25. Nge5 Nxe5 26. Nxe5 Re8 27. Re1 f6 28. Qf4 Rxe5 29. Rf1 Rbe8 30. Bh3 R5e7 31. Bxf5 Qxf4 32. Rxf4 gxf5 33. Rxf5 Re1+ 34. Kf2 R8e2+ 35. Kf3 Rf1+ 0-1


[Site "https://www.chess.com"]

[Event "Titled Tuesday Blitz April 18 Early 2023"]
[White "rionelG"]
[Black "Saravana, Krishnan P."]
[BlackFideId "5018382"]
[WhiteElo "2203"]
[BlackElo "2189"]
[Result "0-1"]
[Round "04"]
[TimeControl "180+2"]
[Date "2023.04.18"]
[WhiteClock "0:00:02"]
[BlackClock "0:01:12"]

1. e4 c6 2. d4 d5 3. e5 Bf5 4. Nf3 e6 5. Be2 Nd7 6. O-O Ne7 7. Nbd2 Nc8 8. a4 Be7 9. a5 a6 10. Nb3 O-O 11. Be3 Na7 12. h3 Rc8 13. Qd2 Be4 14. Ng5 Bg6 15. c4 dxc4 16. Bxc4 Nb5 17. Rfd1 Nc7 18. Nc5 Bxc5 19. dxc5 Nxe5 20. Qxd8 Rfxd8 21. Bf4 Nxc4 22. Bxc7 Rd5 23. Rxd5 cxd5 24. Bb6 Nxb2 25. Nf3 Nd3 26. Rd1 f6 27. Nh4 Ne5 28. f4 Nc6 29. Nxg6 hxg6 30. Re1 Kf7 31. Kf2 e5 32. fxe5 fxe5 33. Ke3 Ke6 34. Rf1 Ne7 35. g4 d4+ 36. Ke4 Rh8 37. Rf3 Nf5 38. Rb3 Ne3 39. Ba7 Nd5 40. Rxb7 Rxh3 41. Rb6+ Nxb6 42. axb6 Re3# 0-1


[Site "https://www.chess.com"]

[Event "Titled Tuesday Blitz April 18 Early 2023"]
[White "Grot, Blazej"]
[Black "Fernandez Hernandez, Gerardo"]
[WhiteFideId "21835845"]
[BlackFideId "2207400"]
[WhiteElo "1823"]
[BlackElo "2194"]
[Result "1-0"]
[Round "04"]
[TimeControl "180+2"]
[Date "2023.04.18"]
[WhiteClock "0:01:20"]
[BlackClock "0:00:01"]

1. e4 e6 2. d4 d5 3. Nc3 Nc6 4. exd5 exd5 5. Nf3 Bb4 6. Bb5 Qd6 7. O-O Ne7 8. Ne2 Bg4 9. Ne5 Bh5 10. c3 Ba5 11. Bf4 Qf6 12. Qd2 h6 13. Rae1 O-O-O 14. Ng3 Bg6 15. b4 Bb6 16. Nxc6 Nxc6 17. a4 a5 18. Bxc6 Qxc6 19. Ra1 Rhe8 20. h4 Re6 21. h5 Bh7 22. Rfc1 Qc4 23. Qd1 Rde8 24. Qg4 axb4 25. a5 Ba7 26. cxb4 Qxd4 27. Rxc7+ Kd8 28. Rac1 Qxf2+ 29. Kh2 Be4 30. Nxe4 1-0


[Site "https://www.chess.com"]

[Event "Titled Tuesday Blitz April 18 Early 2023"]
[White "Aanna12"]
[Black "Vafin, Ayrat"]
[BlackFideId "4146530"]
[WhiteElo "2191"]
[BlackElo "2317"]
[Result "0-1"]
[Round "04"]
[TimeControl "180+2"]
[Date "2023.04.18"]
[WhiteClock "0:00:31"]
[BlackClock "0:01:31"]

1. e4 e5 2. Nf3 Nf6 3. Nxe5 d6 4. Nf3 Nxe4 5. Nc3 Nxc3 6. dxc3 Be7 7. Be3 Nc6 8. Qd2 Be6 9. O-O-O Qd7 10. Kb1 Bf6 11. Ng5 Bxg5 12. Bxg5 f6 13. Be3 O-O-O 14. f4 a6 15. Be2 h5 16. Bf3 Bg4 17. Bxc6 Qxc6 18. Rde1 Rhe8 19. Bd4 d5 20. h3 Bf5 21. Rxe8 Rxe8 22. Re1 Be4 23. Be3 Qa4 24. b3 Qc6 25. Kb2 Kd7 26. g4 hxg4 27. hxg4 b5 28. Qd4 Qe6 29. f5 Qd6 30. Rf1 a5 31. Rf2 a4 32. Bf4 Qc6 33. g5 Rh8 34. gxf6 gxf6 35. Qxf6 Qxf6 0-1


[Site "https://www.chess.com"]

[Event "Titled Tuesday Blitz April 18 Early 2023"]
[White "Thiel, Thomas"]
[Black "Wisniacki, Flavio"]
[WhiteFideId "4615964"]
[BlackFideId "119229"]
[WhiteElo "2170"]
[BlackElo "2150"]
[Result "0-1"]
[Round "04"]
[TimeControl "180+2"]
[Date "2023.04.18"]
[WhiteClock "0:00:45"]
[BlackClock "0:00:45"]

1. e4 e5 2. Nf3 Nc6 3. d4 exd4 4. Nxd4 Nf6 5. Nxc6 bxc6 6. e5 Qe7 7. Qe2 Nd5 8. h4 h6 9. c4 Ba6 10. Rh3 g6 11. h5 g5 12. Ra3 Nb4 13. Ra4 d5 14. exd6 Nc2+ 15. Kd1 Qxe2+ 16. Bxe2 Nxa1 17. Rxa6 Bxd6 18. b3 O-O-O 19. Bb2 Be5+ 20. Kc1 Bf4+ 0-1


[Site "https://www.chess.com"]

[Event "Titled Tuesday Blitz April 18 Early 2023"]
[White "Namitbir Singh Walia"]
[Black "Vargas Rodriguez, Wilver"]
[WhiteFideId "35071068"]
[BlackFideId "3509672"]
[WhiteElo "2239"]
[BlackElo "2224"]
[Result "1-0"]
[Round "04"]
[TimeControl "180+2"]
[Date "2023.04.18"]
[WhiteClock "0:01:10"]
[BlackClock "0:01:22"]

1. e4 c5 2. Nf3 d6 3. d4 cxd4 4. Nxd4 Nf6 5. f3 e5 6. Nb3 Be7 7. c4 Be6 8. Nc3 a6 9. Be3 Qc7 10. Rc1 Nc6 11. Nd5 Qb8 12. Be2 O-O 13. O-O Bxd5 14. cxd5 Na7 15. Qd2 Bd8 16. Rc2 b6 17. Rfc1 a5 18. a4 Nd7 19. f4 f6 20. Bg4 Nc5 21. Nxc5 bxc5 22. Be6+ Kh8 23. Qf2 Nc8 24. fxe5 1-0


[Site "https://www.chess.com"]

[Event "Titled Tuesday Blitz April 18 Early 2023"]
[White "Omariev, Maksim"]
[Black "Stead, Kerry"]
[WhiteFideId "4193423"]
[BlackFideId "3202577"]
[WhiteElo "2455"]
[BlackElo "1997"]
[Result "1-0"]
[Round "04"]
[TimeControl "180+2"]
[Date "2023.04.18"]
[WhiteClock "0:00:27"]
[BlackClock "0:00:01"]

1. g4 d5 2. Bg2 Bxg4 3. c4 c6 4. Qb3 e6 5. Qxb7 Nd7 6. d4 Qc8 7. Qxc8+ Rxc8 8. Nf3 Ngf6 9. Nc3 Bb4 10. Bd2 O-O 11. a3 Bd6 12. h3 Bh5 13. c5 Bc7 14. b4 e5 15. dxe5 Nxe5 16. Nd4 Rfe8 17. Bg5 Nfd7 18. O-O h6 19. Bh4 Nc4 20. Nxc6 g5 21. Bxd5 Nd2 22. Rfd1 gxh4 23. Rxd2 Nf6 24. Bg2 Bg6 25. Nxa7 Rcd8 26. Rad1 Rxd2 27. Rxd2 Bf4 28. e3 Bb8 29. Nc6 Bc7 30. Nb5 Bb8 31. Nd6 Bxd6 32. Rxd6 Bf5 33. Rxf6 Be6 34. Nd4 Kg7 35. Rf4 Bc4 36. Rxh4 Bd3 37. Rg4+ Bg6 38. Rf4 h5 39. c6 Rc8 40. b5 Kf8 41. b6 Ke7 42. b7 Re8 43. c7 1-0


[Site "https://www.chess.com"]